 Dungeon Crawl Stone Soup version 0.18-b1-10-g3f7de93 (webtiles) character file.

2799 shmeve the Fighter (level 9, -3/124 HPs)
             Began as a Minotaur Berserker on Apr 30, 2016.
             Was an Elder of Trog.
             Slain by a seven-headed hydra (10 damage)
             ... on level 8 of the Dungeon.
             The game lasted 00:17:31 (5232 turns).

shmeve the Fighter (Minotaur Berserker)             Turns: 5232, Time: 00:17:31

Health: -3/124     AC: 14    Str: 29    XL:     9   Next: 43%
Magic:  8/8        EV:  9    Int:  5    God:    Trog [****..]
Gold:   282        SH:  0    Dex: 10    Spells: 0 memorised, 8 levels left

rFire  . . .     SeeInvis .     w - +0 war axe
rCold  . . .     Gourm    .     j - +0 plate armour (curse)
rNeg   + . .     Faith    +     (no shield)
rPois  .         Spirit   .     (helmet restricted)
rElec  .         Dismiss  .     (no cloak)
rCorr  .         Reflect  .     u - +0 pair of gloves
SustAt +         Harm     .     (no boots)
MR     .....                    q - amulet of faith
Stlth  ..........               x - ring of sustain attributes
                                n - ring of positive energy

@: berserking, very quick, not resistant to hostile enchantments, extremely
unstealthy
A: retaliatory headbutt, horns 2
a: Berserk, Trog's Hand, Brothers in Arms, Burn Spellbooks, Renounce Religion


You were on level 8 of the Dungeon.
You worshipped Trog.
Trog was greatly pleased with you.
You were not hungry.

You visited 1 branch of the dungeon, and saw 8 of its levels.

You collected 282 gold pieces.

Inventory:

Hand Weapons
 w - a +0 war axe (weapon)
Missiles
 t - 3 javelins (quivered)
 y - 2 javelins of penetration
Armour
 j - a cursed +0 plate armour (worn)
 u - a +0 pair of gloves (worn)
Jewellery
 n - a ring of positive energy (left hand)
 p - an uncursed ring of positive energy
 q - an amulet of faith (around neck)
 x - a ring of sustain attributes (right hand)
Scrolls
 a - a scroll of noise {unknown}
 f - 6 scrolls of identify {unknown}
 m - 2 scrolls of teleportation {unknown}
 o - 2 scrolls of enchant armour {unknown}
 r - 8 scrolls of remove curse {unknown}
 s - 5 scrolls of magic mapping {unknown}
 z - a scroll of amnesia {unknown}
 C - a scroll of blinking {unknown}
Potions
 b - a potion of heal wounds {unknown}
 e - a potion of haste {unknown}
 g - a potion of lignification {unknown}
 i - a potion of cancellation {unknown}
 k - 2 potions of berserk rage {unknown}
 l - 6 potions of curing {unknown}
 v - a potion of degeneration {unknown}
 A - a potion of resistance {unknown}
 B - a potion of brilliance {unknown}
 E - a potion of might {unknown}
Comestibles
 c - 4 bread rations
 d - 5 beef jerkies
 h - 9 meat rations
 D - 12 fruits
 F - 6 slices of pizza


   Skills:
 * Level 9.3 Fighting
 * Level 8.9 Axes
 + Level 4.6 Throwing
 + Level 6.8 Armour
 + Level 5.5 Dodging


You had 8 spell levels left.
You didn't know any spells.

Dungeon Overview and Level Annotations

Branches:
Dungeon (8/15)             Temple (0/1) D:7
   Lair: D:8-11

Altars:
Ashenzari
Elyvilon

Shops:
D:5 ?


Innate Abilities, Weirdness & Mutations

You reflexively headbutt those who attack you in melee.
You have a pair of horns on your head.


Message History

The five-headed hydra bites you.
* * * LOW HITPOINT WARNING * * *
The five-headed hydra bites you!
* * * LOW HITPOINT WARNING * * *
The five-headed hydra bites you.
* * * LOW HITPOINT WARNING * * *
You chop one of the five-headed hydra's heads off!
The four-headed hydra grows two more!
You slice the six-headed hydra!!
The six-headed hydra is moderately wounded.
You slice one of the six-headed hydra's heads off!
The five-headed hydra grows two more!
You slash the seven-headed hydra! You headbutt the seven-headed hydra!
The seven-headed hydra is heavily wounded.
The seven-headed hydra barely misses you.
The seven-headed hydra bites you but does no damage. x2
The seven-headed hydra bites you.
* * * LOW HITPOINT WARNING * * *
The seven-headed hydra bites you but does no damage. x2
The seven-headed hydra bites you!
You die...

# ## .########
........##########
........#PP≈P.+).#
........#P≈≈≈≈#.K#
........#≈.P≈P##D#
........#.....#.@#
........)(((.)'..#
........#...P.'..#
........#≈....'..#
........#.....#..#
.#################
(# .


You could see a seven-headed hydra and a big kobold.

Vanquished Creatures
  Sigmund (D:3)
  2 yaks (D:8)
  A hungry ghost (D:8)
  2 hippogriffs
  An orc warrior (D:6)
  An ice beast (D:5)
  A necrophage (D:7)
  4 ogres
  A centaur (D:6)
  2 big kobolds (D:8)
  A gnoll sergeant (D:6)
  A giant frog (D:7)
  A water moccasin zombie (D:8)
  2 scorpions
  2 howler monkeys
  A crimson imp (D:5)
  A hound (D:8)
  3 orc priests
  A jelly (D:7)
  4 orc wizards
  A centaur skeleton (D:5)
  4 worker ants
  2 sheep (D:8)
  A hound zombie (D:8)
  A hound skeleton (D:5)
  5 gnolls (D:6)
  12 adders
  A shadow imp (D:6)
  3 oozes
  An adder zombie (D:7)
  A worm (D:6)
  A dart slug (D:1)
  7 giant geckos
  25 orcs
  4 ball pythons
  2 giant cockroaches (D:3)
  3 goblins
  A hobgoblin (D:3)
  10 jackals
  5 kobolds
  3 quokkas
  12 bats
  A giant gecko skeleton (D:4)
  2 giant newts
  7 rats
148 creatures vanquished.

Notes
Turn   | Place    | Note
--------------------------------------------------------------
     0 | D:1      | shmeve the Minotaur Berserker began the quest for the Orb.
     0 | D:1      | Reached XP level 1. HP: 19/19 MP: 0/0
   175 | D:1      | Reached skill level 4 in Fighting
   217 | D:1      | Reached XP level 2. HP: 25/27 MP: 1/1
   674 | D:1      | Reached XP level 3. HP: 34/34 MP: 2/2
   901 | D:2      | Reached ** piety under Trog
  1029 | D:2      | Reached skill level 1 in Throwing
  1206 | D:3      | Noticed a scorpion
  1212 | D:3      | Reached XP level 4. HP: 41/41 MP: 3/3
  1581 | D:3      | Reached skill level 5 in Fighting
  1581 | D:3      | Reached XP level 5. HP: 46/48 MP: 4/4
  1587 | D:3      | Noticed Sigmund
  1594 | D:3      | Killed Sigmund
  1594 | D:3      | Reached skill level 5 in Axes
  1594 | D:3      | Reached XP level 6. HP: 56/56 MP: 5/5
  2454 | D:4      | Reached skill level 6 in Fighting
  2458 | D:4      | Reached XP level 7. HP: 30/63 MP: 6/6
  2749 | D:4      | Reached *** piety under Trog
  3196 | D:5      | Entered Level 5 of the Dungeon
  3197 | D:5      | Found Plog's Magic Scroll Shoppe.
  3487 | D:5      | Reached skill level 7 in Fighting
  3570 | D:5      | Reached XP level 8. HP: 44/73 MP: 7/7
  3808 | D:5      | Found a shattered altar of Ashenzari.
  3809 | D:5      | Found a white marble altar of Elyvilon.
  3935 | D:6      | Reached skill level 5 in Armour
  4100 | D:6      | Reached skill level 8 in Fighting
  4161 | D:6      | Reached **** piety under Trog
  4577 | D:7      | Found a staircase to the Ecumenical Temple.
  4603 | D:7      | Reached skill level 5 in Dodging
  5071 | D:8      | Reached XP level 9. HP: 63/82 MP: 8/8
  5183 | D:8      | Reached skill level 9 in Fighting
  5223 | D:8      | Noticed a three-headed hydra
  5232 | D:8      | Slain by a seven-headed hydra

Skill      XL: |  1  2  3  4  5  6  7  8  9 |
---------------+----------------------------+-----
Fighting       | 4 5 6 7 8 9 |  9.3
Armour         | 3 4 6 |  6.8
Axes           | 4 5 6 8 |  8.9
Throwing       | 1 2 3 4 |  4.6
Dodging        | 3 4 5 |  5.5

Action                   |  1- 3 |  4- 6 |  7- 9 || total
-------------------------+-------+-------+-------++-------
Melee: Hand axe          |    61 |    98 |    53 ||   212
       Headbutt          |    10 |    14 |    55 ||    79
       War axe           |       |       |   196 ||   196
Invok: Trog's Hand       |       |     2 |     1 ||     3
       Berserk           |       |     2 |     2 ||     4
       Burn Spellbooks   |       |       |     1 ||     1
  Eat: Chunk             |       |     7 |    10 ||    17
       Fruit             |       |       |     3 ||     3
       Royal jelly       |       |       |     2 ||     2
Armor: Animal skin       |    23 |       |       ||    23
       Plate armour      |    31 |    65 |   212 ||   308
Dodge: Dodged            |    56 |    51 |   127 ||   234
